[Event "Sardinia World Festival-A 2024"]
[Site "Orosei"]
[Date "2024.04.27"]
[Round "1.1"]
[White "Fedoseev, Vladimir"]
[Black "Yilmaz, Baver"]
[Result "1-0"]
[ECO "D30"]
[WhiteElo "2690"]
[BlackElo "2277"]
[Annotator "TA"]
[PlyCount "83"]
[EventDate "2024.04.26"]
[EventType "swiss"]
[EventCountry "ITA"]
[SourceTitle "playchess.com"]
[Source "ChessBase"]
[SourceQuality "1"]
[TimeControl "40/5400+30:1800+30"]

1. d4 d5 2. c4 c6 3. Nf3 Nf6 4. e3 e6 5. b3 Nbd7 6. Bd3 b6 7. O-O Bb7 8. Qe2 {[%emt 0:01:16] White has an edge.} Rc8 9. Rd1 Bd6 10. Nc3 O-O 11. Bb2 Re8 12. a4 a5 13. Rac1 Bb8 14. Ba3 g6 15. cxd5 exd5 16. Ba6 Bxa6 17. Qxa6 Ne4 18. Nxe4 Rxe4 19. Rc3 Re6 20. Rdc1 Bd6 21. Bxd6 (21. Rxc6 Rxc6 (21... Bxa3 $2 {perishes.} 22. Rxc8 $18) 22. Rxc6 Bxh2+ (22... Bxa3 $2 23. Rc8 $18) 23. Nxh2 Rxc6 $19) 21... Rxd6 22. h3 Kg7 23. Qe2 Re6 24. Ne1 Qe7 25. Nd3 Qd6 26. Qb2 Nf6 (26... Kg8 $14) 27. R3c2 ({White should play} 27. Ne5 $1 $16) 27... Kg8 28. b4 axb4 29. Qxb4 Nd7 (29... Qxb4 $16 {was necessary.} 30. Nxb4 Ra8) 30. a5 (30. Qb3 $1 $18) 30... bxa5 31. Qxa5 Qf8 32. Nb4 {[%emt 0:11:20][%cal Rb4c6] White is more active.} Ra8 {[%emt 0:01:01] [#]} 33. Qc7 Qxb4 34. Qxd7 Ra3 (34... Rd6 $16 35. Qc7 Rdd8 36. Rxc6 (36. Qxc6 Qe7 $16) 36... Qf8) 35. Rxc6 $18 Qd2 $2 (35... Rxc6 36. Qxc6 Ra5 37. Qe8+ Qf8) 36. Qc8+ Kg7 37. Rxe6 {[%emt 0:00:21] White threatens Re7 and mate.} Ra2 {[%emt 0:00:42] [#]} 38. Rf6 $3 Kxf6 (38... Qxc1+ 39. Qxc1) 39. Qh8+ Kg5 40. Qe5+ Kh6 {[%emt 0:00:32] [#]} 41. Qf4+ $1 Kg7 42. Rc7 {[%emt 0:00:18] Weighted Error Value: White=0.07 (flawless) /Black=0.34.  Mistake:       	White=2     	Black=4      Inaccurate:     	---       	Black=2      OK:         	White=13    	Black=9      Best:        	White=2     	Black=1} 1-0

[Event "Sardinia World Festival-A 2024"]
[Site "Orosei"]
[Date "2024.04.27"]
[Round "1.2"]
[White "Nandhidhaa, P V"]
[Black "Sjugirov, Sanan"]
[Result "0-1"]
[ECO "C15"]
[WhiteElo "2276"]
[BlackElo "2689"]
[Annotator "TA"]
[PlyCount "64"]
[EventDate "2024.04.26"]
[EventType "swiss"]
[EventCountry "ITA"]
[SourceTitle "playchess.com"]
[Source "ChessBase"]
[SourceQuality "1"]
[TimeControl "40/5400+30:1800+30"]

1. e4 e6 2. d4 d5 3. Nc3 Bb4 4. Nge2 Nc6 5. a3 Ba5 6. b4 Bb6 7. Bb2 Nge7 8. e5 Ng6 9. Na4 {[%emt 0:04:17] White is slightly better.} f6 10. Ng3 (10. h4 $16) 10... fxe5 11. Nxb6 axb6 12. dxe5 O-O (12... Ngxe5 13. b5 (13. Bxe5 Nxe5 14. Qh5+ Nf7 $17) 13... Qf6 14. bxc6 $16) (12... Ncxe5 $6 13. f4 $16 (13. Bxe5 Nxe5 14. Be2 Qd6 $17)) 13. h4 Ngxe5 {[%emt 0:06:58] ...Qf6 would now be deadly.} (13... Nxh4 $2 14. Qh5 Rf4 15. Ne2 $18) 14. Qd2 (14. Nh5 $1 $11 g6 15. f4) 14... Ng4 $1 $17 {[%emt 0:06:56] Black is more active. A dynamic duo of knights.} ({Much weaker is} 14... Qf6 $6 15. O-O-O $11) 15. f3 {[%emt 0:03:07] [#]} Nf6 16. O-O-O e5 (16... Qd6 $17 17. Qe1 e5) 17. Bb5 {[%emt 0:03:56] [#]} (17. Re1 $15) 17... Nd4 $1 18. Bd3 c5 19. Rhe1 {[%emt 0:00:21] [#]} (19. Qg5 $142) 19... Qc7 (19... Re8 $142 $1 {Strongly threatening ...Qc7.} 20. Kb1 Bd7) 20. Re3 {[%emt 0:04:46] This move loses the game for White.} (20. Qg5 $17 {might work better.}) 20... Bd7 $19 21. Kb1 Ba4 22. Rde1 Rfe8 23. c3 Nb3 24. Qe2 (24. Qd1 {is a better defense.}) 24... c4 25. Bf5 d4 {[%emt 0:00:12] Black is clearly winning.} 26. cxd4 exd4 27. Rxe8+ Rxe8 (27... Nxe8 28. Be6+ Kh8 29. Ne4 $17 (29. Nf5 $2 Rd8 $19)) 28. Be6+ (28. Qf2 $142 c3 29. Rxe8+ Bxe8 30. Be6+ Bf7 31. Bxb3 Bxb3 32. Qxd4 cxb2 (32... Qxg3 $2 33. Qxc3 Bf7 34. Qd2 $19) 33. Qxb2) 28... Kh8 29. Qf2 c3 30. Bxb3 Bxb3 31. Rxe8+ Nxe8 32. Qe1 (32. Qxd4 $142 Qxg3 (32... cxb2 $2 33. Qxb2 Bf7 34. Ne4 $19) 33. Qxc3) 32... Bf7 {[%emt 0:00:32] Weighted Error Value: White=0.72/Black=0.45.  Mistake:       	White=8     	Black=3      Inaccurate:     	White=3     	Black=3      OK:         	White=7     	Black=6      Best:        	---       	Black=4      Strong:       	---       	Black=1} (32... cxb2 $142 33. Qxe8+ Bg8) 0-1

[Event "Sardinia World Festival-A 2024"]
[Site "Orosei"]
[Date "2024.04.27"]
[Round "1.3"]
[White "Shevchenko, Kirill"]
[Black "Perossa, Nicolas"]
[Result "1-0"]
[ECO "E92"]
[WhiteElo "2675"]
[BlackElo "2269"]
[Annotator "TA"]
[PlyCount "93"]
[EventDate "2024.04.26"]
[EventType "swiss"]
[EventCountry "ITA"]
[SourceTitle "playchess.com"]
[Source "ChessBase"]
[SourceQuality "1"]
[TimeControl "40/5400+30:1800+30"]

1. d4 Nf6 2. c4 g6 3. Nc3 Bg7 4. e4 d6 5. Be2 O-O 6. Be3 c6 7. Nf3 e5 8. d5 cxd5 9. cxd5 Na6 10. Nd2 Bd7 11. O-O Qb8 {[%emt 0:05:08] White is better.} 12. a3 Rc8 13. Rc1 Nc5 14. f3 Na4 15. Qb3 Nxc3 16. Rxc3 Rxc3 17. Qxc3 b5 18. Nb3 Qd8 {[%emt 0:02:05] White now steadily converts the win.} 19. Rc1 {[%emt 0:22:52] White is much more active.} a5 (19... a6 $16 {is a better defense.}) 20. Qc7 $18 {[%emt 0:00:23] Black must now prevent Qxd8+.} Qxc7 21. Rxc7 b4 22. Nd2 bxa3 23. bxa3 Rc8 24. Rxc8+ Bxc8 25. Kf2 a4 26. Nc4 Bd7 27. Nxd6 Bf8 28. Bc5 Be8 29. Ke1 Nh5 30. g3 f5 31. Kd2 fxe4 32. Nxe4 Bxc5 33. Nxc5 {[%emt 0:00:02][%mdl 4096] Endgame. KBN-KBN} Kf8 34. Bd1 Nf6 35. d6 {[%emt 0:00:12] White is clearly winning.} (35. Bxa4 Bxa4 36. Nxa4 Nxd5 $18) (35. Nxa4 Nxd5 36. Nc3 Nc7 $16) 35... Bc6 (35... Kf7 $142 36. Be2 (36. Bxa4 Bxa4 37. Nxa4 Nd7 $18) (36. Nxa4 Ke6 $18) 36... Bc6) 36. Bxa4 Bxf3 37. Ne6+ Kf7 38. Ng5+ Kf8 39. Nxf3 Ne4+ 40. Ke3 Nxd6 41. Nxe5 Ke7 42. Bb3 Nf5+ 43. Ke4 {[%emt 0:00:06] [#] And now a4 would win.} Kd6 44. a4 Kc5 45. Nd3+ Kc6 46. Bg8 h5 47. Ne5+ {[%emt 0:00:04] Weighted Error Value: White=0.11 (very precise) /Black=0.39.  Mistake:       	---       	Black=2      Inaccurate:     	---       	Black=4      OK:         	White=12    	Black=7      Best:        	White=2     	---} 1-0

[Event "Sardinia World Festival-A 2024"]
[Site "Orosei"]
[Date "2024.04.27"]
[Round "1.4"]
[White "Nurgaliyev, Sauat"]
[Black "Van Foreest, Jorden"]
[Result "1-0"]
[ECO "B47"]
[WhiteElo "2262"]
[BlackElo "2668"]
[Annotator "TA"]
[PlyCount "89"]
[EventDate "2024.04.26"]
[EventType "swiss"]
[EventCountry "ITA"]
[SourceTitle "playchess.com"]
[Source "ChessBase"]
[SourceQuality "1"]
[TimeControl "40/5400+30:1800+30"]

1. e4 c5 2. Nf3 e6 3. d4 cxd4 4. Nxd4 Nc6 5. Nc3 Qc7 6. g3 a6 7. Bg2 d6 8. O-O Bd7 9. Nxc6 Bxc6 10. Qe2 Be7 11. a4 Nf6 12. Bf4 {[%emt 0:00:53] White has an edge.} O-O 13. Rfd1 b6 14. e5 dxe5 15. Qxe5 Qb7 (15... Qxe5 {simplifies} 16. Bxe5 Bxg2 17. Kxg2 Rfc8) 16. Bxc6 Qxc6 17. Qc7 Qxc7 18. Bxc7 Bc5 19. Bd6 Bxd6 20. Rxd6 Rab8 21. a5 bxa5 22. Ra2 h5 (22... Rbd8 $11 {remains equal.} 23. Rxa6 Rd2) 23. Rxa6 $16 {[%emt 0:02:07] White is more active.} (23. Rxa5 Rxb2 24. Nd1 Rxc2 25. Rdxa6 Nd5 $17) 23... Rfd8 24. R6xa5 (24. R2xa5 Rd2 25. Ra8 Rxa8 26. Rxa8+ Kh7 $11) 24... Rd2 {[%emt 0:00:07] [#]} (24... Rdc8 $14) 25. b3 $1 (25. Ra8 $6 Rxa8 26. Rxa8+ Kh7 $11) 25... g6 26. Ra8 ({Better is} 26. Kf1 $16) 26... Rxa8 $11 27. Rxa8+ {[%emt 0:00:02][%mdl 4096] Endgame. KRN-KRN} Kg7 28. Ra2 Ng4 29. Ne4 Rd4 {[%emt 0:03:48] White now steadily converts the win.} (29... Re2 $11 30. h3 Re1+ 31. Kg2 Rxe4 32. hxg4 hxg4) 30. Ra4 $16 Rd7 31. h3 Ne5 32. Kg2 {[%emt 0:00:21] Inhibits Nf3.} Rc7 (32... Kf8 $16 33. Rb4 Ke7) 33. c4 Nd3 34. Ra5 Rb7 (34... Kf8 {was worth a try.} 35. Kf3 Ke7) 35. Rb5 $18 Ra7 36. Kf3 Rd7 37. Ke3 Ne1 38. Rb6 Nc2+ 39. Kf4 f6 40. c5 (40. Rxe6 g5+ 41. Nxg5 fxg5+ 42. Kxg5 h4 $16) 40... Rd4 (40... g5+ 41. Kf3 Nd4+ 42. Kg2 Kg6) 41. Rxe6 {[%emt 0:35:04][%cal Oe6d6] [#] Rd6! is the strong threat.} g5+ 42. Kf3 Ne1+ $2 (42... Rb4 {is more resistant.} 43. Rd6 (43. Nxf6 $2 {is the wrong capture.} Nd4+ 44. Ke4 Nxe6+ 45. Kf5 Nxc5 $19) (43. Rxf6 Rxb3+ 44. Kg2 Rb4 $14) 43... Rxb3+ 44. Ke2 Rb2) 43. Ke2 {[%emt 0:02:37][%cal Oc5c6] Strongly threatening c6! White is clearly winning.} Kf7 44. Rxf6+ Ke7 45. f3 {[%emt 0:00:10] Weighted Error Value: White=0.21 (precise) /Black=0.38.  Mistake:       	White=1     	Black=7      Inaccurate:     	White=2     	---        OK:         	White=17    	Black=10     Best:        	White=4     	Black=4      Strong:       	White=1     	---} (45. Nxg5 $2 {perishes.} Kxf6 46. f4 Nc2 $19) 1-0

[Event "Sardinia World Festival-A 2024"]
[Site "Orosei"]
[Date "2024.04.27"]
[Round "1.5"]
[White "Pichot, Alan"]
[Black "Van Zyl-Rudd, Jack"]
[Result "1-0"]
[ECO "B96"]
[WhiteElo "2644"]
[BlackElo "2261"]
[Annotator "TA"]
[PlyCount "77"]
[EventDate "2024.04.26"]
[EventType "swiss"]
[EventCountry "ITA"]
[SourceTitle "playchess.com"]
[Source "ChessBase"]
[SourceQuality "1"]
[TimeControl "40/5400+30:1800+30"]

1. e4 c5 2. Nf3 d6 3. d4 cxd4 4. Nxd4 Nf6 5. Nc3 a6 6. Bg5 e6 7. f4 h6 8. Bh4 Qb6 9. a3 Nbd7 (9... Qxb2 $2 {perishes.} 10. Na4 $18) 10. Bc4 e5 11. fxe5 dxe5 {[%emt 0:00:07] The position is equal.} 12. Nf5 {[%emt 0:01:29] Threatens to win with Nd5.} g6 13. Nd5 Nxd5 14. Qxd5 Rh7 15. O-O-O $1 {[%emt 0:01:47][%cal Oh1f1] Strongly threatening Rhf1!} gxf5 16. exf5 Be7 $1 17. Bxe7 $40 {[%emt 0:09:51][%mdl 128] Black needs to defend precisely.} ({Don't play} 17. f6 Bxf6 18. Bxf6 Qxf6 $17) 17... Kxe7 18. Rhf1 Kf8 19. Bb3 Rg7 {[%emt 0:13:38] [#]} (19... Nf6 $11 {remains equal.} 20. Qxe5 Ng4) 20. Kb1 $1 $16 {[%emt 0:14:33][%cal Of5f6] And now f6! would win.} Qf6 {[%emt 0:19:32] [#]} 21. Ba4 $1 {[%emt 0:05:10] White is much more active.} Qb6 ({Don't go for} 21... Nb6 $2 22. Qd8+ Qxd8 23. Rxd8+ Ke7 24. f6+ Kxd8 25. fxg7 $18) 22. Bxd7 Bxd7 23. f6 Rg6 24. Qxd7 Rxf6 25. Rxf6 Qxf6 26. Qxb7 {[%emt 0:00:09][%mdl 4096] Endgame. KQR-KQR} Re8 27. Qe4 Re6 28. Rd3 Qf2 29. Rf3 Qg1+ 30. Ka2 Qxh2 $2 (30... Qb6 31. b3 Qc6) 31. Qf5 (31. Qh7 $142 Qh5 32. Rb3) 31... Re7 $18 32. Rh3 (32. Qg4 $18 {is more deadly. Hoping for Rg3.} e4 33. Rg3) 32... Qxg2 {[%emt 0:00:42][%mdl 8192] Black cannot hold the game after this.} (32... Qf4 $16 33. Qxf4 exf4) 33. Rxh6 Qd5+ $2 (33... Qg7 34. Rxa6 Qg2) 34. b3 Rc7 {[%emt 0:01:33] Wards off Qc8+} 35. Rh8+ Ke7 36. Qg5+ Kd6 37. Qd8+ Rd7 38. Rh6+ Kc5 39. Qb6# {[%emt 0:00:59] Weighted Error Value: White=0.24 (precise) /Black=0.59.  Loses game:     	---       	Black=1      Mistake:       	White=2     	Black=3      Inaccurate:     	---       	Black=2      OK:         	White=8     	Black=9      Best:        	White=4     	Black=2      Strong:       	White=2     	Black=1} 1-0

[Event "Sardinia World Festival-A 2024"]
[Site "Orosei"]
[Date "2024.04.27"]
[Round "1.6"]
[White "Urbani, Gabriel"]
[Black "Lagarde, Maxime"]
[Result "0-1"]
[ECO "B69"]
[WhiteElo "2260"]
[BlackElo "2640"]
[Annotator "TA"]
[PlyCount "70"]
[EventDate "2024.04.26"]
[EventType "swiss"]
[EventCountry "ITA"]
[SourceTitle "playchess.com"]
[Source "ChessBase"]
[SourceQuality "1"]
[TimeControl "40/5400+30:1800+30"]

1. e4 c5 2. Nf3 d6 3. d4 cxd4 4. Nxd4 Nf6 5. Nc3 Nc6 6. Bg5 e6 7. Qd2 Be7 8. O-O-O a6 9. f4 Bd7 10. Nf3 b5 11. Bxf6 gxf6 12. f5 Qb6 13. fxe6 fxe6 14. Kb1 O-O-O 15. g3 Kb8 16. Bh3 Na5 17. Nd4 b4 $1 18. Nce2 e5 {[%emt 0:00:27][%csl LRd4,LRh3] The position is equal.} (18... Nc4 $6 19. Qd3 d5 20. exd5 $16) 19. Bxd7 Rxd7 20. Nf5 Nc4 21. Qd5 Rc8 22. Nc1 Bf8 23. Rhe1 Rdc7 $40 {[%emt 0:03:35][%mdl 128] Black has some attack.} 24. Re2 a5 25. Nd3 a4 26. g4 (26. Rde1 $11) 26... Ra7 (26... b3 $15 27. cxb3 axb3) 27. h4 $2 {[%emt 0:03:07] [#]} (27. Rc1 $11 {and White stays safe.}) 27... Ra5 (27... b3 $1 $19 28. cxb3 axb3) 28. Qe6 $17 b3 29. cxb3 {[%emt 0:00:32][%mdl 8192] Loses the game.} (29. Qxf6 $2 {is the wrong capture.} bxc2+ 30. Kc1 cxd1=Q+ $19 (30... cxd1=R+ $2 31. Kxd1 Qg1+ 32. Ne1 $19)) (29. Rc1 $17 Qb5 (29... bxc2+ 30. Ka1 $15) 30. Ka1 (30. Qxf6 Na3+ 31. bxa3 bxc2+ 32. Ka1 Qxd3 $19)) 29... axb3 $19 {[%emt 0:00:11] Black is clearly winning.} 30. a3 Qa6 {[%emt 0:02:17][%cal Oc4a3] Threatens to win with ...Nxa3+!} 31. Nc1 {[%emt 0:10:46] [#]} Nxa3+ $1 32. bxa3 Rxa3 33. Nxb3 Qxe2 34. Rd2 Qe1+ 35. Kb2 {[%emt 0:00:01] [#]} Ra1 $3 {[%emt 0:00:24][%mdl 512] Weighted Error Value: White=0.76/Black=0.23 (precise) .  Loses game:     	White=2     	---        Mistake:       	White=1     	Black=2      OK:         	White=4     	Black=6      Best:        	White=1     	Black=1      Strong:       	---       	Black=1} 0-1

[Event "Sardinia World Festival-A 2024"]
[Site "Orosei"]
[Date "2024.04.27"]
[Round "1.7"]
[White "Murzin, Volodar"]
[Black "Orujov, Farid"]
[Result "1-0"]
[ECO "A14"]
[WhiteElo "2632"]
[BlackElo "2258"]
[Annotator "TA"]
[PlyCount "83"]
[EventDate "2024.04.26"]
[EventType "swiss"]
[EventCountry "ITA"]
[SourceTitle "playchess.com"]
[Source "ChessBase"]
[SourceQuality "1"]
[TimeControl "40/5400+30:1800+30"]

1. Nf3 Nf6 2. c4 c6 3. g3 d5 4. b3 e6 5. Bg2 Be7 6. O-O O-O 7. Bb2 b6 8. d3 Bb7 9. Nbd2 c5 10. e3 Nbd7 11. Qc2 {[%emt 0:09:11] The position is equal.} Qc7 12. Rad1 Rac8 13. Qb1 Qb8 14. Qa1 Rfd8 15. cxd5 Bxd5 16. e4 Bb7 17. Nc4 b5 18. Nce5 Nxe5 19. Nxe5 Qa8 20. f3 a6 21. Kh1 Bf8 22. Bc3 Qb8 23. Rf2 h5 24. g4 hxg4 25. fxg4 Rd4 26. Rxf6 (26. g5 $5) 26... Qxe5 27. Rf3 Bd6 28. Rh3 {[%emt 0:00:07][%cal Od1f1] Prevents Qxh2+.} f5 {[%emt 0:02:27] This costs Black the game.} 29. gxf5 $18 exf5 30. Rf1 fxe4 31. Bxd4 cxd4 32. Qe1 {[%emt 0:00:15] [#] Hoping for Qh4. The board is on fire.} Qg5 (32... Qe7 $16 {was called for.}) 33. Bxe4 $40 {[%emt 0:00:35][%mdl 128] White is out for blood.} Qg4 34. Rh4 {[%emt 0:00:40][%cal Oe4b7,Bh3h4,Bh4e4,Be4d4,Bd4d7][%mdl 32] Threatening mate with Bxb7!} Bxe4+ 35. Qxe4 Qxe4+ 36. Rxe4 {[%emt 0:00:02][%mdl 4096] Endgame. KRR-KRB} Rc2 37. Rxd4 Bxh2 38. a4 Bc7 39. axb5 axb5 40. Rd7 Rc3 41. Rf5 b4 (41... Kh7 $142 42. Rxb5 Kh6) 42. Rg5 {[%emt 0:00:00] Weighted Error Value: White=0.08 (flawless) /Black=0.37.  Mistake:       	---       	Black=3      Inaccurate:     	White=1     	Black=4      OK:         	White=12    	Black=12     Best:        	White=1     	---} 1-0

[Event "Sardinia World Festival-A 2024"]
[Site "Orosei"]
[Date "2024.04.27"]
[Round "1.8"]
[White "Deveci, Huseyin Said"]
[Black "Dardha, Daniel"]
[Result "0-1"]
[ECO "B33"]
[WhiteElo "2255"]
[BlackElo "2630"]
[Annotator "RC"]
[PlyCount "74"]
[EventDate "2024.04.26"]
[EventType "swiss"]
[EventCountry "ITA"]
[SourceTitle "playchess.com"]
[Source "ChessBase"]
[SourceQuality "1"]
[TimeControl "40/5400+30:1800+30"]

1. e4 c5 2. Nf3 Nc6 3. d4 cxd4 4. Nxd4 e5 5. Nb5 d6 6. N1c3 a6 7. Na3 Be6 8. Nd5 Nf6 9. Bg5 Bxd5 10. exd5 Ne7 11. Bxf6 gxf6 12. Nc4 b5 13. Ne3 Bh6 14. Bd3 Bxe3 15. fxe3 f5 16. O-O e4 17. Be2 Qb6 18. Qd2 Rg8 19. Kh1 Rc8 20. b4 Qc7 21. c4 bxc4 22. Qd4 Qb7 23. Bxc4 Qxb4 24. Rfc1 Kf8 25. Rab1 Qa3 26. Rc3 Qa5 27. Rb7 Rg6 28. h3 Ng8 29. Qa7 Rf6 30. Qd4 Qc5 31. Qd2 f4 32. exf4 e3 33. Qe2 Rxf4 34. Qh5 Qd4 35. Rbb3 h6 36. a4 Rxc4 37. Rb8+ Kg7 0-1

[Event "Sardinia World Festival-A 2024"]
[Site "Orosei"]
[Date "2024.04.27"]
[Round "1.9"]
[White "Chigaev, Maksim"]
[Black "Krivenko, Dion"]
[Result "1-0"]
[ECO "B40"]
[WhiteElo "2621"]
[BlackElo "2254"]
[Annotator "TA"]
[PlyCount "97"]
[EventDate "2024.04.26"]
[EventType "swiss"]
[EventCountry "ITA"]
[SourceTitle "playchess.com"]
[Source "ChessBase"]
[SourceQuality "1"]
[TimeControl "40/5400+30:1800+30"]

1. e4 c5 2. Nf3 e6 3. d4 cxd4 4. Nxd4 Nf6 5. Nd2 d6 6. Bd3 Nc6 7. Nxc6 bxc6 8. b3 {[%emt 0:02:29] The position is equal.} e5 9. Bb2 Be7 10. Qe2 Nd7 11. O-O-O a5 12. a4 O-O 13. g3 Nc5 14. f4 Qc7 15. h4 Rb8 16. fxe5 dxe5 17. Nc4 f6 18. Ne3 Nxd3+ ({Black should try} 18... Kh8 $15) 19. Qxd3 $11 Be6 20. g4 Rfd8 21. Qe2 Rxd1+ 22. Rxd1 Rd8 23. Rg1 Bc5 24. g5 Qa7 25. Rg3 Bxe3+ 26. Qxe3 (26. Rxe3 Bg4 27. Qxg4 (27. Qc4+ $2 Kh8 $19) 27... Qxe3+ 28. Kb1 Qf4 29. Qe6+ Kh8 30. Qxc6 fxg5 $17 (30... Qxh4 31. gxf6 gxf6 32. Bc3 $15)) 26... Bg4 27. Bc3 $16 Rd1+ 28. Kb2 Qxe3 29. Rxe3 $18 {[%emt 0:00:12][%mdl 4096] Endgame. KRB-KRB} Rh1 30. Bxa5 Rxh4 31. gxf6 gxf6 32. Bd8 Kf7 33. a5 {[%emt 0:00:16] And now a6 would win.} Bc8 34. Rc3 Bb7 35. Rc4 c5 {[%emt 0:02:34] Against Rb4. This costs Black the game.} 36. Rxc5 {[%emt 0:00:16] Threatens to win with Rc7+.} Bxe4 $2 (36... Ke6 37. b4 Rxe4) 37. Rc4 Rg4 {[%emt 0:01:40] [#]} 38. Rxe4 $1 Rxe4 {[%emt 0:00:03] KR-KB} (38... Rg8 39. Bb6) 39. a6 Rd4 {[%emt 0:01:03] [#]} 40. Bc7 $1 {[%emt 0:00:07] Strongly threatening a7.} Rd7 41. a7 Rxc7 42. a8=Q {[%emt 0:00:06] b4 would kill now. KQ-KR} (42. a8=B $2 {too greedy.} Ke6 43. Kc1 f5 $19) 42... Re7 43. Qe4 {[%emt 0:00:28][%cal Ob3b4] White threatens b4! and mate.} Ke6 44. b4 {[%emt 0:00:12][%cal Bb3b4,Bb4b5,Bb5b6,Bb6b7][%mdl 32] White mates.} f5 45. Qc6+ Kf7 46. b5 e4 47. b6 e3 48. b7 e2 49. Qd5+ {[%emt 0:00:23] Weighted Error Value: White=0.09 (flawless) /Black=0.36.  Mistake:       	---       	Black=4      Inaccurate:     	White=5     	Black=3      OK:         	White=10    	Black=10     Best:        	White=3     	---} ({Weaker is} 49. b8=R e1=Q (49... e1=B 50. Qh6 Re6 51. Rb7+ Re7 52. Qxh7+ Ke6 53. Qxe7+ Kd5 54. Rb5+ Kc6 55. Qb7+ Kd6 56. Qa6+ Ke7 57. Rb7+ Kf8 58. Qa8#) 50. Rb5 Qe4 $17) 1-0

[Event "Sardinia World Festival-A 2024"]
[Site "Orosei"]
[Date "2024.04.27"]
[Round "1.10"]
[White "Lever, Erwan"]
[Black "Moussard, Jules"]
[Result "0-1"]
[ECO "D02"]
[WhiteElo "2254"]
[BlackElo "2610"]
[Annotator "TA"]
[PlyCount "48"]
[EventDate "2024.04.26"]
[EventType "swiss"]
[EventCountry "ITA"]
[SourceTitle "playchess.com"]
[Source "ChessBase"]
[SourceQuality "1"]
[TimeControl "40/5400+30:1800+30"]

1. d4 d5 2. Nf3 Nf6 3. g3 c5 4. Bg2 cxd4 5. O-O h6 6. b3 e6 7. Bb2 Bc5 8. Nxd4 {[%emt 0:14:37] The position is equal.} O-O 9. c4 e5 10. Nf3 e4 11. Nd4 Re8 12. cxd5 (12. Nc2 {simplifies} dxc4 13. Qxd8 Rxd8 14. bxc4 Nc6 15. Bxf6 gxf6 16. Bxe4 f5 17. Bxc6 bxc6 18. Nc3) 12... Qxd5 13. Nb5 {[%emt 0:03:19] [#] And now Nc7 would win.} Bxf2+ $1 14. Kh1 $2 {[%emt 0:00:10][%mdl 8192] Loses the game.} ({Only move:} 14. Kxf2 $15 Qxb5 15. Bxf6 gxf6 16. Qd6) 14... Qh5 $19 15. Rxf2 Ng4 (15... Qxb5 $2 {loses.} 16. Rxf6 (16. Bxf6 gxf6 17. Nc3 Qe5 $11) 16... gxf6 17. Nc3 $18) 16. Qg1 {[%emt 0:00:11][%cal Ob1c3] N1c3! is the strong threat.} Nxf2+ ({Weaker is} 16... Qxb5 17. Rf4 $17) 17. Qxf2 Qxb5 18. Nc3 Qf5 19. Qe3 Nc6 20. Nxe4 {[%emt 0:02:09][%cal Oe4f6] Threatens to win with Nf6+!} Re7 21. Rf1 Qg6 22. Qf4 {[%emt 0:09:21] Wards off Bf5} (22. Ba3 $142 Re6 23. Qd3) 22... Bg4 23. e3 Rd8 24. h3 {[%emt 0:01:04] [#]} (24. Bc3 {was worth a try.}) 24... Bxh3 $1 {[%emt 0:01:53][%mdl 512] Weighted Error Value: White=0.39/Black=0.14 (very precise) .  Loses game:     	White=1     	---        Mistake:       	White=2     	---        Inaccurate:     	White=1     	---        OK:         	White=10    	Black=10     Best:        	---       	Black=2      Strong:       	---       	Black=1} 0-1

[Event "Sardinia World Festival-A 2024"]
[Site "Orosei"]
[Date "2024.04.27"]
[Round "1.11"]
[White "Huschenbeth, Niclas"]
[Black "Balabayeva, Xeniya"]
[Result "1-0"]
[ECO "B12"]
[WhiteElo "2607"]
[BlackElo "2248"]
[Annotator "TA"]
[PlyCount "63"]
[EventDate "2024.04.26"]
[EventType "swiss"]
[EventCountry "ITA"]
[SourceTitle "playchess.com"]
[Source "ChessBase"]
[SourceQuality "1"]
[TimeControl "40/5400+30:1800+30"]

1. e4 c6 2. d4 d5 3. e5 Bf5 4. Nf3 e6 5. Be2 Nd7 6. O-O Bb4 7. c3 Ba5 8. Qb3 Rb8 {[%emt 0:01:00] The position is equal.} 9. Bg5 f6 10. Bh4 Bc7 11. Nbd2 Ne7 12. exf6 gxf6 13. Bg3 O-O 14. Nh4 Kh8 15. c4 Bxg3 16. hxg3 Rg8 17. Rfe1 Qf8 18. cxd5 Nxd5 19. Nxf5 exf5 20. Bf3 N7b6 21. Qd3 Rg5 22. Nb3 Qd6 (22... f4 $14) 23. Nc5 $18 Nc7 24. Re2 Nd7 25. Qc4 {[%emt 0:06:01] White has more active pieces.} Nb6 26. Qc2 Nb5 27. Re6 Nxd4 (27... Qd8 $142) 28. Rxd6 $16 Nxc2 {[%emt 0:00:05] A dynamic duo of knights.} 29. Rad1 $36 {[%emt 0:00:26][%cal Oa2a3][%mdl 2048] White is in control.} Rg6 (29... Nb4 $16 30. Rxf6 Kg8) 30. a3 $18 {[%emt 0:01:45][%mdl 1024] White has strong compensation.} Nc4 31. Rd7 Ne5 {[%emt 0:00:50] [#]} (31... b6 {was necessary.}) 32. R7d2 $1 {[%emt 0:00:42] Weighted Error Value: White=0.10 (very precise) /Black=0.26 (precise) .  Mistake:       	---       	Black=4      Inaccurate:     	White=2     	Black=2      OK:         	White=11    	Black=9      Best:        	White=1     	Black=1      Strong:       	White=1     	---} ({Less strong is} 32. Rxb7 Rxb7 33. Nxb7 Nxf3+ 34. gxf3 f4 $16) 1-0